Map: Dusk Towers

Players

Bails - Winner!

  • Race: Protoss Protoss
  • League: Master

DemiLove (Demi)

  • Race: Zerg Zerg

Event: SpawningTool Invitational 1

VOD

https://www.youtube.com/watch?v=y051JGJX31k

Description

Time

  • Played on: May 30, 2016, 8:39 p.m.
  • Length: 8:39

All games in this series

Show
View Real Time Build Order
Export as new Build Order

Bails Protoss - Winner!

Build Orders: Nexus First 

Get SALT Encoding   

  12  0:00  Probe (Chrono Boost)  
  13  0:11  Probe (Chrono Boost)  
  14  0:17  Pylon  
  14  0:22  Probe (Chrono Boost)  
  15  0:35  Probe (Chrono Boost)  
  16  0:46  Probe (Chrono Boost)  
  17  0:59  Nexus  
  17  1:09  Gateway  
  17  1:11  Probe (Chrono Boost)  
  17  1:17  Assimilator  
  18  1:20  Assimilator  
  18  1:24  Probe (Chrono Boost)  
  19  1:34  Probe (Chrono Boost)  
  19  1:38  Gateway  
  20  1:45  Probe (Chrono Boost)  
  21  1:55  Probe (Chrono Boost)  
  21  1:56  Cybernetics Core  
  22  2:06  Probe (Chrono Boost)  
  23  2:12  Probe (Chrono Boost)  
  24  2:17  Probe (Chrono Boost)  
  26  2:23  Probe (Chrono Boost)  
  26  2:27  Probe (Chrono Boost)  
  27  2:32  Adept x2 (Chrono Boost)  
  27  2:33  Probe (Chrono Boost)  
  27  2:35  Warp Gate (Chrono Boost)  
  32  2:41  Pylon  
  32  2:43  Probe (Chrono Boost)  
  33  2:46  Probe (Chrono Boost)  
  34  2:54  Probe (Chrono Boost)  
  34  2:57  Probe (Chrono Boost)  
  34  2:58  Adept  
  38  3:01  Adept  
  38  3:04  Probe (Chrono Boost)  
  41  3:11  Pylon  
  42  3:15  Probe (Chrono Boost)  
  42  3:17  Mothership Core (Chrono Boost)  
  44  3:22  Pylon  
  44  3:25  Probe (Chrono Boost)  
  45  3:30  Sentry x2  
  49  3:35  Probe (Chrono Boost)  
  49  3:36  Probe (Chrono Boost)  
  51  3:45  Probe (Chrono Boost)  
  51  3:47  Nexus  
  52  3:51  Probe (Chrono Boost)  
  53  3:56  Sentry x2  
  53  4:00  Probe (Chrono Boost)  
  53  4:02  Robotics Facility  
  58  4:06  Probe (Chrono Boost)  
  59  4:11  Probe (Chrono Boost)  
  59  4:12  Gateway  
  59  4:16  Probe (Chrono Boost)  
  61  4:21  Probe (Chrono Boost)  
  62  4:27  Probe (Chrono Boost)  
  62  4:30  Probe  
  53  4:36  Adept, Pylon  
  53  4:37  Adept  
  57  4:38  Probe  
  57  4:41  Probe  
  59  4:45  Assimilator  
  59  4:46  Assimilator  
  59  4:51  Probe  
  59  4:52  Probe  
  62  4:55  Pylon  
  62  4:57  Adept x2  
  67  5:03  Probe  
  67  5:05  Nexus  
  69  5:12  Pylon  
  69  5:13  Sentry  
  70  5:15  Probe  
  70  5:18  Pylon  
  71  5:22  Probe  
  70  5:30  Stalker  
  72  5:36  Robotics Facility  
  72  5:38  Stalker  
  72  5:40  Pylon, Probe  
  72  5:41  Pylon, Probe  
  76  5:45  Pylon  
  76  5:49  Pylon  
  76  5:50  Probe  
  76  5:53  Probe  
  76  5:56  Sentry x2  
  82  5:57  Forge  
  82  6:01  Twilight Council, Probe  
  82  6:02  Gateway  
  83  6:05  Probe  
  83  6:09  Pylon  
  83  6:10  Pylon  
  84  6:12  Probe  
  84  6:13  Gateway  
  84  6:16  Adept, Probe  
  84  6:17  Protoss Ground Weapons Level 1, Probe  
  89  6:20  Warp Prism (Chrono Boost)  
  89  6:23  Adept, Probe (Chrono Boost)  
  89  6:24  Adept  
  96  6:25  Assimilator  
  96  6:31  Probe (Chrono Boost), Assimilator  
  97  6:33  Probe (Chrono Boost)  
  97  6:36  Probe (Chrono Boost)  
  99  6:40  Blink (Chrono Boost)  
  99  6:43  Probe  
  99  6:45  Pylon, Probe  
  101  6:50  Immortal  
  102  6:58  Sentry x3  
  113  7:02  Gateway  
  113  7:04  Gateway  
  113  7:05  Gateway  
  111  7:09  Photon Cannon  
  111  7:14  Adept  
  111  7:15  Adept  
  115  7:23  Gateway  
  115  7:24  Immortal  
  115  7:25  Gateway  
  115  7:27  Sentry x3  
  125  7:50  Stalker x5  
  136  7:55  Pylon  
  136  7:56  Pylon  
  136  7:57  Pylon  
  135  8:00  Stalker  
  135  8:01  Observer, Stalker x2  
  142  8:14  Pylon  
  142  8:23  Pylon  
  142  8:25  Stalker x4  
  142  8:26  Stalker x5  
  160  8:28  Sentry  
Show
View Real Time Build Order
Export as new Build Order

DemiLove Zerg 

Build Orders: Hatch First 

Get SALT Encoding   

  12  0:01  Drone  
  13  0:12  Overlord  
  13  0:18  Drone  
  14  0:32  Drone x2  
  16  0:42  Drone  
  17  0:55  Drone, Hatchery  
  17  0:59  Drone  
  18  1:11  Extractor  
  18  1:15  Spawning Pool  
  16  1:19  Drone  
  16  1:21  Drone  
  18  1:29  Drone  
  19  1:40  Drone  
  20  1:51  Hatchery  
  19  1:55  Drone  
  20  2:01  Queen  
  20  2:07  Zergling x2  
  23  2:11  Drone  
  23  2:15  Metabolic Boost  
  24  2:21  Drone  
  25  2:28  Queen  
  27  2:34  Drone  
  28  2:37  Overlord  
  28  2:46  Baneling Nest  
  28  2:50  Drone  
  28  2:52  Overlord  
  28  2:57  Zergling x4  
  30  2:59  Zergling x2  
  30  3:02  Zergling x2  
  32  3:08  Zergling x4  
  34  3:13  Zergling x2  
  34  3:14  Zergling x2  
  34  3:15  Zergling x2  
  37  3:26  Zergling x2  
  37  3:27  Zergling x6  
  39  3:33  Zergling x6  
  43  3:41  Overlord  
  43  3:48  Baneling  
  43  3:49  Baneling x5  
  43  3:52  Zergling x4  
  45  3:57  Zergling x4  
  47  4:08  Zergling x8  
  43  4:25  Zergling x12  
  43  4:33  Zergling x2  
  43  4:34  Zergling x6  
  46  4:42  Drone x2  
  46  4:43  Drone  
  47  4:47  Drone x2  
  49  4:52  Drone  
  49  4:57  Drone x2  
  50  5:12  Drone x5  
  50  5:13  Drone x2  
  53  5:14  Drone  
  53  5:19  Overlord  
  53  5:22  Drone  
  48  5:31  Drone x2  
  48  5:34  Queen  
  52  5:37  Overlord  
  52  5:38  Overlord  
  52  5:40  Drone  
  52  5:41  Drone  
  54  5:46  Lair  
  54  5:49  Drone x2  
  56  5:53  Drone  
  56  5:56  Extractor x2  
  55  5:58  Extractor, Drone x4  
  55  6:02  Drone x2  
  60  6:06  Drone x3  
  60  6:09  Overlord  
  63  6:14  Roach Warren  
  63  6:17  Drone x3  
  65  6:20  Zergling x4  
  67  6:27  Spine Crawler  
  67  6:30  Zergling x6  
  69  6:37  Zergling x2  
  69  6:38  Zergling x8  
  74  6:40  Baneling x2  
  74  6:41  Baneling  
  74  6:42  Baneling  
  74  6:43  Drone  
  75  6:49  Drone x2  
  75  6:50  Spire, Drone x3  
  79  6:55  Overlord  
  79  6:56  Extractor x2  
  79  6:59  Drone x3  
  80  7:04  Drone  
  81  7:11  Overlord  
  81  7:14  Roach  
  81  7:15  Zergling x2, Roach x3  
  89  7:18  Overlord  
  89  7:24  Overseer  
  89  7:27  Overlord x4  
  89  7:28  Overlord  
  89  7:34  Roach x3  
  90  7:54  Drone  
  90  7:55  Drone x6  
  90  7:56  Drone  
  98  8:08  Mutalisk  
  98  8:09  Mutalisk x4  
  98  8:10  Mutalisk  
Tags
 
Add a new tag
Caveats
  • Supply blocks, unpowered buildings, or Contaminate may cause inaccurate times.
  • Supply counts are checked every 10 seconds.